Unix NetHack Version 3.7.0-97 Work-in-progress - last build Feb 9 2024 02:06:40 (6d6cdf8371b60126770a3d7b88910941cb14a054,branch:master). Game began 2024-02-19 17:27:02, ended 2024-02-19 18:47:13. drunkmonkey, chaotic male elven Wizard --.---- |.....- |.....| |....)| $.... -|- # a ----- f@# |...-####### # |...| ####### |....#######)---------------- |...| #|..............| ----- #...............- |..<...........| |..............| ---------------- Drunkmonkey the Thaumaturge St:5 Dx:10 Co:15 In:20 Wi:11 Ch:11 Chaotic Dlvl:7 $:95 HP:0(57) Pw:78(81) AC:3 Xp:7/770 T:3861 Latest messages: The housecat bites the lizard. The lizard bites the housecat. The housecat misses the soldier ant. The housecat misses the soldier ant. The housecat bites the lizard. The lizard misses the housecat. The housecat bites the lizard. The lizard misses the housecat. The housecat bites the lizard. The housecat bites the lizard. The lizard bites the housecat. The housecat bites the soldier ant. The soldier ant misses the housecat. The soldier ant misses the housecat. The housecat bites it. It misses the housecat. It misses the housecat. The housecat misses the soldier ant. The housecat bites the soldier ant. The soldier ant misses the housecat. The soldier ant stings the housecat. The housecat misses it. The housecat misses the soldier ant. The housecat bites the soldier ant. The soldier ant bites the housecat. The soldier ant stings the housecat. The soldier ant bites! The soldier ant stings! The soldier ant bites! The soldier ant stings! In what direction? The spell hits the soldier ant! You kill the soldier ant! What do you want to remove? [*] Never mind. You were wearing an uncursed +0 cloak of magic resistance. What do you want to wear? [bfq or ?*] You finish your dressing maneuver. What do you want to wear? [bf or ?*] You finish your dressing maneuver. What do you want to wear? [b or ?*] You are now wearing a cloak of magic resistance. You stop waiting. You miss the lizard. You kill the lizard! You hit the soldier ant. The soldier ant bites! The soldier ant stings! You die... Do you want your possessions identified? [ynq] (y) Inventory: Coins $ - 95 gold pieces Weapons g - a blessed +1 orcish dagger z - a cursed -1 orcish dagger r - the +0 Sting (weapon in right hand) Armor f - an uncursed +0 orcish helm (being worn) b - an uncursed +0 cloak of magic resistance (being worn) q - an uncursed +0 elven mithril-coat (being worn) Comestibles t - 3 uncursed food rations k - 2 uncursed lembas wafers i - an uncursed tripe ration Scrolls p - a cursed scroll of confuse monster d - an uncursed scroll of create monster Rings a - an uncursed +2 ring of adornment Wands c - a wand of secret door detection (0:13) Tools o - an uncursed blindfold n - a magic marker (0:20) Drunkmonkey the Wizard's attributes: Background: You were a Thaumaturge, a level 7 male elven Wizard. You were chaotic, nominally on a mission for Anhur who was opposed by Ptah (lawful) and Thoth (neutral). You were right-handed. You were in the Dungeons of Doom, on level 7. You entered the dungeon 3861 turns ago. You had 770 experience points, 510 more were needed to attain level 8. Basics: You had 0 out of 57 hit points. You had 78 out of 81 energy points (spell power). Your armor class was 3. Your wallet contained 95 zorkmids. Autopickup was on for '$' plus thrown. Final Characteristics: Your strength was 5 (peak:10, limit:18). Your dexterity was 10 (limit:18). Your constitution was 15 (limit:16). Your intelligence was 20 (limit:20). Your wisdom was 11 (limit:20). Your charisma was 11 (limit:18). Final Status: You weren't hungry. You were unencumbered. You were wielding a dagger. You were skilled in dagger. Final Attributes: You were piously aligned. You were magic-protected. You were sleep resistant. You were aware of the presence of orcs. You had infravision. You were guarded. You are dead. Miscellaneous: You never encountered a bones level. Total elapsed playing time was 1 hour, 1 minute and 48 seconds. Major events: Turn 1: drunkmonkey the chaotic male elven Wizard entered the dungeon 1285: entered the Gnomish Mines 1429: attained the rank of Conjurer (level 3) 1747: chose an elven dagger to be named "Sting" 2412: attained the rank of Thaumaturge (level 6) 3861: killed by a soldier ant Vanquished creatures: a lizard a dingo a housecat 2 dust vortices 3 water moccasins a soldier ant 15 fog clouds a gnome leader a kobold mummy 2 dwarves 6 hill orcs 5 rothes a monkey 2 dwarf zombies 4 iguanas 3 hobbits 3 giant rats 5 gnomes a gecko 4 jackals 2 foxes a kobold 3 goblins 2 sewer rats 3 grid bugs 2 lichens 8 newts 83 creatures vanquished. No species were genocided or became extinct. Voluntary challenges: You were an atheist. You read items or engraved 3 times. You never engraved Elbereth. You never genocided any monsters. You never polymorphed an object. You never changed form. You used no wishes. Achievements: You entered a shop. You entered the Gnomish Mines. You attained the rank of Conjurer. You attained the rank of Thaumaturge. The Dungeons of Doom: levels 1 to 7 Level 1: "stash" A fountain. Level 2: A general store, a fountain. Level 3: A fountain. Stairs down to The Gnomish Mines. Level 4: Some fountains, a sink. Level 5: Level 6: A fountain, a sink. Level 7: <- You were here. Final resting place for you, killed by a soldier ant. The Gnomish Mines: Level 4: Game over: ---------- / \ / REST \ / IN \ / PEACE \ / \ | drunkmonkey | | 95 Au | | killed by a | | soldier ant | | | | | | 2024 | *| * * * | * _________)/\\_//(\/(/\)/\//\/|_)_______ Goodbye drunkmonkey the Wizard... You died in The Dungeons of Doom on dungeon level 7 with 3466 points, and 95 pieces of gold, after 3861 moves. You were level 7 with a maximum of 57 hit points when you died.